Map: Ultralove

Players

ХуйлоЕбливое - Winner!

  • Race: Terran Terran
  • Spawn Location: 1:00

ManlyManMeat

  • Race: Protoss Protoss
  • Spawn Location: 7:00

VOD

Have the link to the VOD?

Description

Time

  • Played on: May 14, 2025, 4:20 a.m.
  • Length: 11:50
Show
View Real Time Build Order
Export as new Build Order

ХуйлоЕбливое Terran - Winner!

Build Orders:  

Get SALT Encoding   

  12  0:00  SCV  
  13  0:13  SCV  
  14  0:17  Supply Depot  
  14  0:25  SCV  
  15  0:39  SCV  
  15  0:41  Barracks  
  16  0:48  Refinery  
  16  0:51  SCV  
  17  1:03  SCV  
  18  1:15  SCV  
  19  1:28  Orbital Command  
  19  1:29  Barracks Tech Lab, Supply Depot  
  19  1:47  Marine  
  20  1:55  SCV  
  20  1:59  Supply Depot  
  21  2:05  Marine  
  22  2:09  Factory  
  22  2:12  SCV  
  23  2:16  Refinery  
  23  2:23  Marine, Supply Depot  
  23  2:25  SCV  
  25  2:37  SCV  
  25  2:40  Marine  
  27  2:47  Supply Depot  
  27  2:49  SCV  
  28  2:58  Command Center  
  28  3:02  SCV  
  29  3:09  Siege Tank  
  32  3:13  Barracks Reactor  
  32  3:14  SCV  
  32  3:17  Supply Depot  
  33  3:26  Barracks  
  33  3:29  SCV  
  34  3:39  Supply Depot  
  34  3:41  SCV, Siege Tank  
  38  3:53  SCV  
  39  4:03  Marine  
  39  4:04  Marine  
  39  4:05  SCV  
  42  4:10  Orbital Command  
  42  4:13  Refinery  
  42  4:17  SCV  
  42  4:22  Barracks Reactor  
  43  4:26  Starport  
  43  4:27  Barracks  
  43  4:34  SCV  
  43  4:36  SCV  
  45  4:39  Siege Tank  
  45  4:40  Marine  
  45  4:41  Marine  
  50  4:46  SCV  
  50  4:48  SCV  
  52  4:59  Marine x2, SCV  
  54  5:00  Marine x2, SCV  
  54  5:02  Starport Reactor  
  54  5:05  Engineering Bay  
  58  5:12  SCV  
  58  5:13  SCV  
  60  5:14  Barracks Tech Lab  
  60  5:19  Engineering Bay  
  60  5:24  SCV  
  60  5:25  SCV  
  60  5:27  Refinery  
  62  5:31  Marine  
  62  5:32  Marine x3  
  62  5:34  Marauder  
  68  5:35  Combat Shield  
  68  5:36  SCV  
  68  5:37  SCV  
  68  5:39  Terran Infantry Weapons Level 1  
  68  5:41  Medivac  
  72  5:43  Medivac  
  74  5:52  SCV  
  74  5:54  SCV, Supply Depot x2  
  76  6:03  Siege Tank  
  79  6:08  Terran Infantry Armor Level 1  
  79  6:16  Supply Depot x2  
  79  6:36  SCV  
  79  6:37  SCV  
  79  6:39  Medivac x2  
  85  6:52  Marine x2  
  85  6:53  Marine x2  
  89  6:54  Stimpack  
  89  7:15  Command Center  
  81  7:43  Marine  
  81  7:44  Marine x3  
  83  7:46  Medivac x2  
  89  7:51  Siege Tank  
  89  7:56  SCV  
  89  7:57  SCV  
  94  8:08  SCV  
  94  8:09  SCV  
  96  8:21  SCV  
  96  8:26  Siege Tank  
  100  8:28  Planetary Fortress  
  100  8:33  Refinery  
  100  8:39  Marine x4, Marauder  
  106  8:48  Armory  
  106  8:50  Armory  
  106  8:52  Armory  
  106  8:53  Neosteel Armor, Hi-Sec Auto Tracking  
  76  8:55  Medivac x2  
  106  8:58  Refinery  
  106  8:59  Marine x3  
  106  9:00  Marine, Marauder  
  116  9:15  SCV x3  
  119  9:21  Marine x2, Marauder  
  119  9:22  Marine x2  
  125  9:27  SCV x3  
  128  9:38  Supply Depot  
  128  9:43  Marauder  
  130  10:01  Supply Depot  
  130  10:24  Supply Depot  
  130  10:45  Medivac x2  
  130  10:46  Siege Tank  
  130  10:47  Marine x4, Supply Depot  
  130  10:48  Marine  
  142  11:05  Marine x4  
  142  11:06  Marauder  
  142  11:10  Supply Depot  
  138  11:28  Marauder  
  139  11:33  Supply Depot  
Show
View Real Time Build Order
Export as new Build Order

ManlyManMeat Protoss 

Build Orders:  

Get SALT Encoding   

  12  0:09  Pylon  
  12  0:10  Probe  
  13  0:18  Probe  
  14  0:32  Gateway  
  15  0:35  Probe  
  15  0:51  Pylon  
  15  0:52  Assimilator  
  15  0:59  Probe  
  16  1:11  Probe  
  17  1:38  Forge  
  17  1:39  Zealot  
  19  1:42  Probe  
  20  1:53  Probe  
  20  1:57  Cybernetics Core  
  21  2:01  Probe  
  21  2:02  Assimilator  
  21  2:06  Zealot  
  24  2:33  Zealot  
  26  3:00  Zealot  
  28  3:27  Zealot  
  28  3:31  Protoss Shields Level 1  
  30  3:36  Pylon  
  30  3:38  Pylon  
  30  3:49  Stargate  
  30  3:52  Stargate  
  30  3:54  Warp Gate  
  30  3:56  Zealot  
  32  4:11  Gateway  
  32  4:12  Gateway  
  32  4:14  Probe, Pylon  
  32  4:16  Pylon  
  32  4:22  Probe  
  32  4:23  Zealot  
  36  4:35  Phoenix  
  36  4:36  Phoenix  
  40  4:59  Twilight Council  
  40  5:01  Zealot  
  40  5:02  Zealot  
  40  5:03  Zealot  
  40  5:04  Phoenix  
  48  5:32  Phoenix  
  50  5:49  Zealot  
  52  5:53  Zealot  
  52  5:54  Zealot  
  56  5:57  Phoenix  
  56  5:59  Phoenix  
  46  7:38  Phoenix  
  46  7:39  Phoenix  
  50  7:45  Sentry  
  50  7:49  Zealot  
  50  7:50  Zealot  
  60  8:09  Void Ray  
  60  8:40  Shield Battery  
  60  8:42  Photon Cannon  
  60  8:45  Shield Battery  
  60  8:47  Photon Cannon  
  60  9:07  Phoenix  
  62  9:14  Pylon  
  62  9:15  Pylon x2  
  62  9:19  Pylon  
  62  9:32  Phoenix  
  62  9:37  Charge  
  62  9:38  Void Ray  
  68  9:47  Protoss Air Weapons Level 1  
  68  10:14  Phoenix  
  70  10:28  Phoenix  
  72  10:39  Phoenix  
  26  11:25  Zealot  
  26  11:30  Zealot  
  26  11:31  Zealot  
Tags
 
Matchup
PvT
Spawn Locations
Cross Positions
Add a new tag
Caveats
  • Supply blocks, unpowered buildings, or Contaminate may cause inaccurate times.
  • Supply counts are checked every 10 seconds.